 Dungeon Crawl Stone Soup version 0.25-a0-731-g0472a16d6a (webtiles) character file.

Game seed: 4719085794907010011, levelgen mode: deterministic

233 ipx the Vexing (level 6, 0/38 HPs)
             Began as a Gargoyle Arcane Marksman on Apr 9, 2020.
             Was an Initiate of Makhleb.
             Slain by Menkaure (4 damage)
             ... on level 4 of the Dungeon.
             The game lasted 00:19:03 (1353 turns).

ipx the Vexing (Gargoyle Arcane Marksman)           Turns: 1353, Time: 00:19:04

Health: 0/38       AC:  9    Str: 11 (14) XL:     6   Next: 5%
Magic:  7/7        EV: 10    Int: 10 (13) God:    Makhleb [......]
Gold:   143        SH:  3    Dex:  9 (12) Spells: 6/7 levels left

rFire    . . .     SeeInvis .   b - +1 whip (venom)
rCold    . . .     Gourm    .   q - +0 buckler
rNeg     + . .     Faith    .   o - +0 ring mail
rPois    ∞         Spirit   .   (no helmet)
rElec    +         Reflect  .   (no cloak)
rCorr    .         Harm     .   (no gloves)
MR       +....                  (no boots)
Stlth    ..........             (no amulet)
HPRegen  0.12/turn              m - ring of protection from magic
MPRegen  0.10/turn              (no ring)

@: brilliant, berserk cooldown, stab, slowed, very slow
A: negative energy resistance 1, electricity resistance, unbreathing,
petrification resistance, rot immunity, AC +4
a: Renounce Religion


You were on level 4 of the Dungeon.
You worshipped Makhleb.
Makhleb was noncommittal.
You were hungry.

You visited 2 branches of the dungeon, and saw 5 of its levels.

You collected 143 gold pieces.

Inventory:

Hand Weapons
 a - a +1 mace of protection
 b - a +1 whip of venom (weapon)
 r - a +0 hand axe
 w - a +3 flail
Missiles
 c - 7 javelins
 d - a throwing net (quivered)
 i - 16 poisoned darts
Armour
 o - a +0 ring mail (worn)
 q - a +0 buckler (worn)
Jewellery
 m - a ring of protection from magic (left hand)
Wands
 g - a wand of flame (4)
Scrolls
 h - a scroll of enchant weapon {unknown}
 j - 3 scrolls of fear
 l - a scroll of noise {unknown}
 n - 2 scrolls of immolation
 s - a scroll of teleportation {unknown}
 u - a scroll of remove curse
 x - a scroll of fog {unknown}
Potions
 e - 2 potions of flight
 v - a potion of berserk rage
Comestibles
 f - 6 rations
 z - a chunk of flesh


   Skills:
 * Level 4.0 Fighting
 - Level 3.0 Throwing
 - Level 1.5 Dodging
 + Level 1.2 Shields
 - Level 1.0 Spellcasting
 - Level 4.0 Hexes


You had 6 spell levels left.
You knew the following spells:

 Your Spells              Type           Power        Failure   Level  Hunger
c - Corona                Hex            ##.....      24%         1    None

Your spell library contained the following spells:

 Spells                   Type           Power        Failure   Level  Hunger
 Slow                     Hex            ##......     34%         2    None
 Inner Flame              Hex/Fire       #.......     85%         3    None
 Portal Projectile        Hex/Tloc       #.....       85%         3    None
 Cause Fear               Hex            ##........   93%         4    None
 Leda's Liquefaction      Hex/Erth       #.........   99%         4    None


Dungeon Overview and Level Annotations

Branches:
Dungeon (4/15)             Temple (1/1) D:4

Altars:
Ashenzari
Dithmenos
Gozag
Hepliaklqana
Kikubaaqudgha
Makhleb
Nemelex Xobeh
Okawaru
Qazlal
Ru
Sif Muna
Uskayaw
Wu Jian
Xom
The Shining One

Annotations:
D:2 2 transporters
D:4 1 runed translucent door, Menkaure; Nico3ck's ghost, novice CeTm; Sigmund


Innate Abilities, Weirdness & Mutations

You are resistant to torment.
Your stone body is resilient. (AC +4)
You are immune to poison.
You resist negative energy. (rN+)
You are resistant to electric shocks. (rElec)
You can survive without breathing.
You are immune to petrification.
You are immune to rotting.


Message History

You feel blessed for a moment.
It was a scroll of remove curse.
You are feeling hungry.
Sigmund hits you but does no damage.
Menkaure calls on the powers of darkness!
Sigmund convulses!
Your body is wracked with pain!
* * * LOW HITPOINT WARNING * * *
Menkaure hits you.
* * * LOW HITPOINT WARNING * * *
As you read the scroll of fear, it crumbles to dust.
You assume a fearsome visage.
Menkaure is unaffected.
Sigmund looks frightened!
Sigmund gestures wildly while chanting.
Sigmund flickers and vanishes!
Deactivating autopickup; reactivate with Ctrl-A.
Menkaure points at you and mumbles some strange words.
You resist with some effort.
Menkaure blazes with dark energy!
Menkaure barely misses you. Menkaure hits you but does no damage.
Menkaure hits you.
You die...

### ... ### #
.####.#####.# ###.
............##....
#..@M.#....#
##############.#....#
#...................#
#.############.#....##.
#.###.......##..........
#.#.......# ##.....###.#
#.#.####..#.##..##.....
#...#.........>........
#######..#####..#######


You could see Menkaure.

Vanquished Creatures
  A howler monkey (D:4)
  An orc priest (D:3)
  An orc wizard (D:3)
  Terence (D:3)
  3 adders
  2 oozes
  An adder skeleton (D:4)
  A worm (D:4)
  2 dart slugs (D:1)
  A leopard gecko (D:1)
  9 orcs
  2 giant cockroaches
  8 goblins
  5 hobgoblins
  2 quokkas (D:3)
  3 bats
  4 frilled lizards
  7 kobolds
  9 rats
63 creatures vanquished.

Notes
Turn   | Place    | Note
-------+----------+-------------------------------------------
     0 | D:1      | ipx the Gargoyle Arcane Marksman began the quest for the
                  | Orb.
     0 | D:1      | Reached XP level 1. HP: 12/12 MP: 2/2
    69 | D:1      | Reached XP level 2. HP: 16/16 MP: 3/3
   135 | D:1      | Reached XP level 3. HP: 13/20 MP: 2/4
   416 | D:2      | Reached XP level 4. HP: 16/25 MP: 1/5
   435 | D:2      | Found an ornate altar of the Wu Jian Council.
   435 | D:2      | Noticed a hippogriff
   436 | D:2      | Found a transporter.
   444 | D:2      | Found a transporter.
   629 | D:3      | Noticed Terence
   725 | D:3      | Killed Terence
   725 | D:3      | Reached XP level 5. HP: 26/31 MP: 6/6
   885 | D:3      | Found a stormy altar of Qazlal.
   923 | D:3      | Found a shadowy altar of Dithmenos.
  1029 | D:4      | Found a runed translucent door.
  1031 | D:4      | Noticed Nico3ck's ghost (novice CeTm)
  1033 | D:4      | Found a staircase to the Ecumenical Temple.
  1049 | Temple   | Entered the Ecumenical Temple
  1224 | Temple   | Became a worshipper of Makhleb the Destroyer
  1309 | D:4      | Reached skill level 1 in Shields
  1309 | D:4      | Reached XP level 6. HP: 34/38 MP: 7/7
  1331 | D:4      | Noticed Sigmund
  1331 | D:4      | Noticed Menkaure
  1353 | D:4      | Slain by Menkaure

Levels and vault maps discovered:
D:1:      minmay_arrival_stone_box, layout_basic
D:2:      layout_loops_corners, gammafunk_temple_overflow_arena, minivault_26
D:3:      layout_basic, grunt_dithmenos_smoke, grunt_qazlal_clouds, uniq_terence
D:4:      layout_basic, marbit_many_paths, minmay_temple_entry_waves,
          gammafunk_ghost_grave, first_ration, makhleb_heckhound_becter,
          uniq_menkaure, uniq_sigmund
Temple:   minmay_temple_forest_path

Skill      XL: |  1  2  3  4  5 |
---------------+----------------+-----
Throwing       | 2 3 |  3.0
Hexes          | 3 4 |  4.0
Fighting       | 2 4 |  4.0
Shields        | 1 |  1.2
Dodging        | |  1.5
Spellcasting   | |  1.0

Action                   |  1- 3 |  4- 6 || total
-------------------------+-------+-------++-------
Melee: Mace              |    45 |    11 ||    56
       Whip              |    14 |   100 ||   114
Throw: Javelin           |    23 |     1 ||    24
       Dart              |       |     1 ||     1
       Throwing net      |       |     1 ||     1
 Cast: Corona            |    22 |    12 ||    34
  Use: Scroll            |       |     6 ||     6
       Potion            |       |     5 ||     5
  Eat: Chunk             |       |     3 ||     3
Armor: Robe              |     7 |       ||     7
       Ring mail         |    47 |    38 ||    85
Dodge: Dodged            |    56 |    51 ||   107
Block: Buckler           |       |     4 ||     4

Table legend:
 A = Non-vault XP
 B = Vault XP
 C = Vault XP percentage of total XP
 D = Non-vault monster count
 E = Vault monster count
 F = Vault count percentage of total count
                 A         B        C        D         E       F
            +---------+---------+-------+---------+---------+-------
      Total |     298 |      36 |  10.8 |      62 |       1 |   1.6
            +---------+---------+-------+---------+---------+-------
        D:1 |      49 |       0 |   0.0 |      25 |       0 |   0.0
        D:2 |      39 |       0 |   0.0 |      12 |       0 |   0.0
        D:3 |     136 |      36 |  20.9 |      20 |       1 |   4.8
        D:4 |      74 |       0 |   0.0 |       5 |       0 |   0.0
            +---------+---------+-------+---------+---------+-------
